 Dungeon Crawl Stone Soup version 0.28.0-53-g5a82cb258f (webtiles) character file.

Game seed: 11555418992768518237

106 styxcanada the Sneak (level 4, -5/23 HPs)
             Began as a Spriggan Brigand on Aug 4, 2022.
             Killed by divine providence
             ... invoked by an orc priest
              (14 damage)
             ... on level 3 of the Dungeon.
             The game lasted 00:08:22 (2490 turns).

styxcanada the Sneak (Spriggan Brigand)             Turns: 2490, Time: 00:08:26

Health: -5/23      AC:  3    Str:  7    XL:     4   Next: 55%
Magic:  5/5        EV: 17    Int: 12    God:
Gold:   94         SH:  5    Dex: 18    Spells: 3/3 levels left

rFire   . . .      SeeInvis +   a - +4 dagger (drain)
rCold   . . .      Faith    .   (no shield)
rNeg    . . .      Spirit   .   b - +0 robe
rPois   .          Reflect  +   (helmet restricted)
rElec   .          Harm     .   c - +0 cloak
rCorr   .          Rampage  .   (gloves unavailable)
Will    .....                   (boots unavailable)
Stlth   ++++......              k - amulet of reflection
HPRegen 0.07/turn               (no ring)
MPRegen 0.09/turn               (no ring)

@: very quick
A: very small, no large weapons, unfitting armour, see invisible, speed 3
a: no special abilities


You were on level 3 of the Dungeon.
You visited 1 branch of the dungeon, and saw 3 of its levels.

You collected 94 gold pieces.

Inventory:

Hand Weapons
 a - a +4 dagger of draining (weapon)
 h - a +0 hunting sling
Missiles
 d - 8 poisoned darts (quivered)
 e - 2 curare-tipped darts
 i - 59 sling bullets
 m - 89 stones
Armour
 b - a +0 robe (worn)
 c - a +0 cloak (worn)
Jewellery
 k - an amulet of reflection (around neck)
Potions
 f - a potion of heal wounds {unknown}
 j - a potion of degeneration {unknown}
 l - a potion of attraction {unknown}


   Skills:
 * Level 2.2 Fighting
 + Level 2.9 Short Blades
 + Level 2.2 Throwing
 * Level 2.2 Dodging
 * Level 7.6 Stealth
 * Level 0.3 Spellcasting


You had 3 spell levels left.
You didn't know any spells.
Your spell library contained the following spells:

 Spells                   Type           Power      Damage    Failure   Level
 Foxfire                  Conj/Fire      0%         2x1d4     32%         1
 Conjure Flame            Conj/Fire      0%         6-21      69%         3
 Inner Flame              Hex/Fire       0%         N/A       69%         3
 Flame Wave               Conj/Fire      0%         2d4       97%         4


Dungeon Overview and Level Annotations

Branches:
Dungeon (3/15)

Altars:


Innate Abilities, Weirdness & Mutations

You are very small and have problems with some larger weapons.
You are too small for most types of armour.
You have supernaturally acute eyesight. (SInv)
You cover ground extremely quickly. (Speed+++)


Message History

The orc priest calls upon Beogh to heal the orc priest.
The orc priest's wounds heal themselves!
The orc priest closely misses you. The orc priest misses you.
You hit the orc priest.
The orc priest is lightly wounded.
You block the orc priest's attack.
The orc priest invokes the aid of Beogh against you.
Beogh smites you!
You barely miss the orc priest.
The orc priest is lightly wounded.
The orc priest hits you with a +2 hand axe of flaming.
The orc priest burns you. You block the orc priest's attack.
You hit the orc priest but do no damage.
You drain the orc priest.
The orc priest is heavily wounded.
You hit the orc priest but do no damage.
The orc priest is heavily wounded.
The orc priest looks satisfied for a moment.
The orc priest misses you.
You hit the orc priest but do no damage.
The orc priest is heavily wounded.
The orc priest misses you. You block the orc priest's attack.
You hit the orc priest. You drain the orc priest.
The orc priest is severely wounded.
The orc priest looks encouraged for a moment.
The orc priest closely misses you. The orc priest barely misses you.
You closely miss the orc priest.
The orc priest is severely wounded.
The orc priest misses you. The orc priest closely misses you.
You hit the orc priest but do no damage.
You drain the orc priest.
The orc priest is almost dead.
The orc priest barely misses you. The orc priest closely misses you.
You hit the orc priest but do no damage.
You drain the orc priest.
You kill the orc priest!
The orc priest invokes the aid of Beogh against you.
Beogh smites you!
Ouch! That really hurt!
You die...

...........#############
....###...##......# #
#......# #...##...#
##..# #.## #.####..###.#
#...........#
########..#####
....So)@........
.....o#$.#####.# .####
#..# ...# .#.## .#.# #
#.# #.#


You could see 2 orc priests and an adder.

Vanquished Creatures
  An orc priest (D:3)
  3 adders
  A worm (D:3)
  2 dart slugs
  3 orcs (D:3)
  4 endoplasms
  2 giant cockroaches (D:1)
  6 goblins
  5 hobgoblins
  10 jackals
  5 kobolds
  3 quokkas
  7 ball pythons
  3 bats
  2 frilled lizards
  9 rats
66 creatures vanquished.

Vanquished Creatures (others)
  5 plants (D:1)
5 creatures vanquished.

Grand Total: 71 creatures vanquished

Notes
Turn   | Place    | Note
-------+----------+-------------------------------------------
     0 | D:1      | styxcanada the Spriggan Brigand began the quest for the
                  | Orb.
     0 | D:1      | Reached XP level 1. HP: 10/10 MP: 2/2
    35 | D:1      | Reached skill level 6 in Stealth
    60 | D:1      | Reached XP level 2. HP: 7/15 MP: 3/3
   678 | D:1      | Reached XP level 3. HP: 18/18 MP: 4/4
  1185 | D:2      | Reached skill level 7 in Stealth
  1901 | D:2      | Found a faded altar of an unknown god.
  1911 | D:2      | Reached XP level 4. HP: 23/23 MP: 5/5
  2490 | D:3      | Killed from afar by an orc priest

Illustrated notes

Levels and vault maps discovered:
D:1:      roderic_crop_circles_arrival_small, layout_basic
D:2:      layout_basic, basic_ecumenical_altar
D:3:      minmay_diamond_boxcup, layout_loops_ring,
          cheibrodos_sewer_entry_sluice, serial_bayou_pond_c,
          uniq_crazy_yiuf_cottage, uniq_natasha

Skill      XL: |  1  2  3  4 |
---------------+-------------+-----
Stealth        | 6 7 |  7.6
Dodging        | 2 |  2.2
Fighting       | 2 |  2.2
Short Blades   | |  2.9
Throwing       | |  2.2
Spellcasting   | |  0.3

Action                   |  1- 3 |  4- 6 || total
-------------------------+-------+-------++-------
Melee: Dagger            |   126 |    47 ||   173
       Punch             |     2 |       ||     2
Throw: Dart              |    10 |       ||    10
  Use: Scroll            |     3 |     1 ||     4
 Stab: Sleeping          |     7 |    10 ||    17
       Distracted        |     2 |       ||     2
Armor: Robe              |    10 |     1 ||    11
Dodge: Dodged            |    84 |    21 ||   105
Block: Other             |     3 |     6 ||     9
       Reflection        |       |     1 ||     1
